 Dungeon Crawl Stone Soup version 0.29.1-4-g47bece8355 (webtiles) character file.

Game seed: 11891299025642578000

137 javelincjr the Magician (level 5, 0/35 HPs)
             Began as a Djinni Conjurer on Dec 9, 2022.
             Slain by a jackal (2 damage)
             ... on level 3 of the Dungeon.
             The game lasted 00:15:19 (3094 turns).

javelincjr the Magician (Djinni Conjurer)           Turns: 3094, Time: 00:15:20

Health: 0/35       AC:  2    Str:  6    XL:     5   Next: 44%
Gold:   124        EV: 12    Int: 21    God:
                   SH:  0    Dex: 12

rFire   + + .      SeeInvis .   m - +1 long sword (holy)
rCold   x . .      Faith    .   (no shield)
rNeg    . . .      Spirit   .   a - +0 robe
rPois   ∞          Reflect  .   (no helmet)
rElec   .          Harm     .   (no cloak)
rCorr   .          Rampage  .   (no gloves)
Will    .....                   (boots unavailable)
Stlth   ++........              (no amulet)
HPRegen 0.11/turn               (no ring)
MPRegen 0.00/turn               (no ring)

@: flying
A: sickness immunity, fire resistance 2, cold vulnerability 1, float, innate
caster, HP casting, extra vitality 1
a: no special abilities


You were on level 3 of the Dungeon.
You visited 1 branch of the dungeon, and saw 3 of its levels.

You collected 124 gold pieces.

Inventory:

Hand Weapons
 b - a +0 dagger
 m - a +1 long sword of holy wrath (weapon)
Missiles
 c - 26 stones
 f - 6 datura-tipped darts (quivered)
 j - 3 poisoned darts
Armour
 a - a +0 robe (worn)
Scrolls
 g - a scroll of blinking
 k - a scroll of vulnerability {unknown}
 p - a scroll of teleportation
 q - a scroll of identify
Potions
 d - a potion of heal wounds {unknown}
 e - a potion of attraction {unknown}
 h - 2 potions of haste {unknown}
 i - a potion of lignification {unknown}
 l - a potion of degeneration {unknown}
 n - a potion of brilliance {unknown}
 o - a potion of curing {unknown}
 r - a potion of flight {unknown}


   Skills:
 + Level 0.5 Long Blades
 + Level 3.0 Dodging
 + Level 1.8 Stealth
 + Level 4.5 Spellcasting


You couldn't memorise any spells.
You knew the following spells:

 Your Spells              Type           Power      Damage    Failure   Level
a - Magic Dart            Conj           96%        1d7       1%          1
b - Searing Ray           Conj           48%        2d6       2%          2
c - Dazzling Flash        Conj/Hex       48%        N/A       5%          3
d - Fulminant Prism       Conj/Hex       12%        3d9       17%         4
e - Iskenderun's Mystic   Conj/Tloc      24%        2d7       17%         4
f - Shock                 Conj/Air       96%        1d9       1%          1
g - Ensorcelled Hibernat  Hex/Ice        48%        N/A       2%          2
Your spell library was empty.

Dungeon Overview and Level Annotations

Branches:
Dungeon (3/15)

Altars:
Ashenzari
Okawaru
Uskayaw

Shops:
D:1 *


Innate Abilities, Weirdness & Mutations

You are immune to sickness and miasma.
You are immune to poison.
Your flesh is very heat resistant. (rF++)
You are vulnerable to cold. (rC-)
You float through the air rather than walking.
You learn spells naturally, not from books.
Your magical power is your life essence.
You have superior vitality. (+4 MHP)


Message History

Casting: Searing Ray (safe; 2% risk of failure)
Confirm with . or Enter, or press ? or * to list all spells.
Casting: Dazzling Flash (dangerous; 5% risk of failure)
Press: ? - help, Dir - look around, f - activate The jackal is dazzled. x2; The jackal bites you.
The kobold attacks as you move away! The kobold closely misses you.
Casting: Dazzling Flash (dangerous; 5% risk of failure)
Confirm with . or Enter, or press ? or * to list all spells.
The spell is quite dangerous to miscast (17% risk of failure)!
Continue anyway?
You erupt in a blast of force!
The mystic blast hits the jackal!
You kill the jackal!
The mystic blast hits the kobold!
You kill the kobold!
* * * LOW HITPOINT WARNING * * *
You hear a bark!
You see here a +0 falchion.
You start resting.
A jackal is nearby!
You hit the jackal but do no damage. The jackal closely misses you.
The jackal bites you.
* * * LOW HITPOINT WARNING * * *
Okay, then.
You hit the jackal.
The jackal is severely wounded.
The jackal bites you but does no damage.
The jackal completely misses you.
You miss the jackal.
The jackal is severely wounded.
The jackal bites you.
* * * LOW HITPOINT WARNING * * *
The jackal bites you.
* * * LOW HITPOINT WARNING * * *
You closely miss the jackal.
The jackal is severely wounded.
The jackal bites you but does no damage.
You barely miss the jackal.
The jackal is severely wounded.
The jackal barks!
The jackal misses you. The jackal bites you.
You die...

#####.#...# #.#).## ..
..#..# #.# ####..# #.#
#..# #.# #..# #.# #..#
##.######..#
#############>..@h.).h.#
.>.............#######.#
##############.# #.#
...........# #.# #.#
##########.###.# #.# #
##.###.)††..# #.# #
##...##..###########.#
###..............).....#
.........:.#############


You could see 2 jackals.

Vanquished Creatures
  5 adders
  2 dart slugs (D:1)
  4 orcs
  6 endoplasms
  4 giant cockroaches
  8 goblins
  4 hobgoblins
  A jackal (D:3)
  4 ball pythons
  2 bats
  A frilled lizard (D:2)
  6 kobolds
  2 rats
49 creatures vanquished.

Vanquished Creatures (collateral kills)
  An orc priest (D:2)
  An orc (D:2)
2 creatures vanquished.

Grand Total: 51 creatures vanquished

Notes
Turn   | Place    | Note
-------+----------+-------------------------------------------
     0 | D:1      | javelincjr the Djinni Conjurer began the quest for the Orb.
     0 | D:1      | javelincjr set off with the following spells memorised:
                  | Magic Dart, Searing Ray, Dazzling Flash, Fulminant Prism,
                  | Iskenderun's Mystic Blast.
     0 | D:1      | Reached XP level 1. HP: 15/15 MP: 0/0
   273 | D:1      | Reached XP level 2. HP: 12/21 MP: 0/0
   604 | D:1      | Reached XP level 3. HP: 20/25 MP: 0/0
   604 | D:1      | Learned a level 1 spell: Shock
   927 | D:1      | Found Jatupt's General Store.
  1347 | D:2      | Reached skill level 4 in Spellcasting
  1436 | D:2      | Found a hide-covered altar of Uskayaw.
  1644 | D:2      | Reached XP level 4. HP: 26/31 MP: 0/0
  2052 | D:2      | Reached XP level 5. HP: 32/35 MP: 0/0
  2052 | D:2      | Learned a level 2 spell: Ensorcelled Hibernation
  2570 | D:3      | Found an iron altar of Okawaru.
  2783 | D:3      | Found a broken altar of Ashenzari.
  3094 | D:3      | Slain by a jackal

Illustrated notes

Levels and vault maps discovered:
D:1:      heliophobic_arrival_enchanted_forest, layout_basic, serial_shops,
          nicolae_shop_statue_plus
D:2:      layout_basic, serial_forest, infiniplex_forest_lined_corner,
          infiniplex_forest_corner_1, infiniplex_forest_lined_corner,
          infiniplex_forest_lined_3, infiniplex_forest_clump_diagonal,
          infiniplex_forest_clump_double, infiniplex_forest_straight_1,
          infiniplex_forest_straight_3, basic_altar
D:3:      layout_loops_ring, ashenzari_altar_1, okawaru_gym_becter,
          dreamdust_ecumenical_altar_statues, cheibrodos_sewer_entry_bend

Skill      XL: |  1  2  3  4  5 |
---------------+----------------+-----
Spellcasting   | 4 |  4.5
Dodging        | 3 |  3.0
Long Blades    | |  0.5
Stealth        | |  1.8

Action                   |  1- 3 |  4- 6 || total
-------------------------+-------+-------++-------
Melee: Dagger            |    12 |       ||    12
       Long sword        |       |    35 ||    35
Throw: Dart              |     1 |     1 ||     2
 Cast: Magic Dart        |    40 |     4 ||    44
       Searing Ray       |     6 |     7 ||    13
       Iskenderun's Myst |       |     1 ||     1
       Dazzling Flash    |       |     1 ||     1
  Use: Scroll            |     2 |       ||     2
 Stab: Sleeping          |     1 |       ||     1
Armor: Robe              |     2 |     6 ||     8
Dodge: Dodged            |    16 |    30 ||    46
